 Dungeon Crawl Stone Soup version 0.31-a0-210-gccc998df9b (webtiles) character file.

Game seed: 927556003635657455

44 qw the Shooter (level 3, 0/29 HPs)
             Began as a Minotaur Hexslinger on June 30, 2023.
             Slain by an orc
             ... wielding a +0 falchion
              (6 damage)
             ... on level 2 of the Dungeon.
             The game lasted 00:00:19 (726 turns).

qw the Shooter (Minotaur Hexslinger)                 Turns: 726, Time: 00:00:20

Health: 0/29       AC:  5    Str: 12    XL:     3   Next: 39%
Magic:  3/3        EV: 11    Int: 10    God:
Gold:   86         SH:  0    Dex: 14    Spells: 3/4 levels left

rFire   . . .        Y - +1 sling
rCold   . . .        (no shield)
rNeg    . . .        h - +0 ring mail
rPois   .            (helmet restricted)
rElec   .            (no cloak)
rCorr   .            (no gloves)
SInv    .            (no boots)
Will    .....        (no amulet)
Stlth   +            (no ring)
HPRegen 0.24/turn    (no ring)
MPRegen 0.08/turn

%: no passive effects
@: no status effects
A: horns 2, retaliatory headbutt
a: no special abilities


You were on level 2 of the Dungeon.
You visited 1 branch of the dungeon, and saw 2 of its levels.

You collected 86 gold pieces.


Innate Abilities, Weirdness & Mutations

You have a pair of horns on your head.
You reflexively headbutt those who attack you in melee.


   Skills:
 - Level 2.0 Fighting
 - Level 4.0 Ranged Weapons
 + Level 0.0 Armour
 - Level 2.1 Dodging
 - Level 1.0 Spellcasting
 - Level 2.0 Hexes


You had 3 spell levels left.
You knew the following spells:

 Your Spells              Type           Power      Damage    Failure   Level
a - Slow                  Hex            16%        N/A       34%         1

Your spell library contained the following spells:

 Spells                   Type           Power      Damage    Failure   Level
 Inner Flame              Hex/Fire       2%         N/A       83%         3
 Portal Projectile        Hex/Tloc       4%         N/A       83%         3
 Cause Fear               Hex            2%         N/A       98%         4

Inventory:

Hand Weapons
 Y - a +1 sling (weapon)
Armour
 h - a +0 ring mail (worn)
Scrolls
 a - a scroll of vulnerability {unknown}
Potions
 d - a potion of brilliance {unknown}
 g - a potion of resistance

Dungeon Overview and Level Annotations

Branches:
Dungeon (2/15)

Altars:


Message History

The orc shouts!
You shoot a sling bullet. The sling bullet hits the orc!
You kill the orc!
You shoot a sling bullet. The sling bullet hits the orc.
The orc is severely wounded.
An orc priest comes into view. It is wielding a +0 club.
You shoot a sling bullet. The orc priest shouts!
The sling bullet hits the orc.
You kill the orc!
Your Ranged Weapons skill increases to level 4!
You shoot a sling bullet.
The sling bullet hits the orc but does no damage.
You shoot a sling bullet.
The sling bullet closely misses the orc.
The sling bullet barely misses the orc priest.
The orc priest calls down the wrath of Beogh upon you.
Beogh smites you!
You shoot a sling bullet. The sling bullet hits the orc.
The orc is heavily wounded.
The orc priest calls down the wrath of Beogh upon you.
Beogh smites you! The orc barely misses you.
You shoot a sling bullet.
The sling bullet closely misses the orc.
The sling bullet hits the orc priest.
The orc priest is lightly wounded.
The orc closely misses you.
You shoot a sling bullet. The sling bullet barely misses the orc.
The sling bullet barely misses the orc priest.
The orc hits you but does no damage.
The orc priest calls upon Beogh to heal the orc.
The orc's wounds heal themselves!
You shoot a sling bullet. The sling bullet hits the orc.
The orc is moderately wounded.
The orc priest casts a cantrip, but nothing happens.
The orc hits you but does no damage.
You shoot a sling bullet. The sling bullet hits the orc.
The orc is heavily wounded.
The orc hits you with a +0 falchion.
You die...

##........#
####.##.#####
..? #.########
#...
#........#
#..).
#........#
.).##........#
.<...........#
##.#oo.......#
# ##@...)...#
#.>......#
##.####### #.#
#.# #.# #.#
#.# #.#


You could see an orc priest and an orc.

Vanquished Creatures
  5 dart slugs
  2 orcs (D:2)
  4 endoplasms (D:1)
  3 giant cockroaches (D:1)
  2 goblins
  A hobgoblin (D:1)
  5 ball pythons (D:1)
  3 bats
  A frilled lizard (D:1)
  2 kobolds (D:1)
  2 rats (D:1)
30 creatures vanquished.

Notes
Turn   | Place    | Note
-------+----------+-------------------------------------------
     0 | D:1      | qw the Minotaur Hexslinger began the quest for the Orb.
     0 | D:1      | Reached XP level 1. HP: 16/16 MP: 1/1
     0 | D:1      | 0 ||| qw: Version: 0.3-a-26-gee661ec
     0 | D:1      | 0 ||| qw: Game counter: 7190
     0 | D:1      | 0 ||| qw: Melee chars always use a shield: true
     0 | D:1      | 0 ||| qw: God list: Okawaru
     0 | D:1      | 0 ||| qw: Allow faded altars: false
     0 | D:1      | 0 ||| qw: Do Orc after clearing Dungeon:15 true
     0 | D:1      | 0 ||| qw: Do second Lair branch before Depths: true
     0 | D:1      | 0 ||| qw: Lair rune preference: random
     0 | D:1      | 0 ||| qw: Goals: Normal
     0 | D:1      | 0 ||| PLANNING D:1-11
    67 | D:1      | Reached skill level 3 in Ranged Weapons
    85 | D:1      | Reached XP level 2. HP: 23/23 MP: 2/2
   297 | D:1      | Reached XP level 3. HP: 28/29 MP: 3/3
   642 | D:1      | 642 ||| UPGRADING to +0 ring mail.
   652 | D:1      | 652 ||| DROPPING +0 robe.
   653 | D:1      | 653 ||| READING scroll labelled EZXEAG OXKIMP.
   658 | D:1      | 658 ||| READING scroll labelled DIONUM REGUUQA.
   659 | D:1      | 659 ||| DRINKING 2 viscous ruby potions.
   660 | D:1      | 660 ||| DROPPING scroll of poison.
   720 | D:2      | Reached skill level 4 in Ranged Weapons
   722 | D:2      | HP: 4/29 [orc priest/divine providence (13)]
   726 | D:2      | Slain by an orc

Levels and vault maps discovered:
D:1:      mainiacjoe_arrival_reflecting_pool, layout_basic, feat_on_display
D:2:      layout_basic

Skill      XL: |  1  2  3 |
---------------+----------+-----
Ranged Weapons | 3 4 |  4.0
Fighting       | 2 |  2.0
Dodging        | |  2.1
Spellcasting   | |  1.0
Hexes          | |  2.0

Action                     || total
---------------------------++-------
   Fire: Sling             ||    83
    Use: Scroll            ||     2
         Potion            ||     1
 Armour: Robe              ||     2
         Ring mail         ||     8
  Dodge: Dodged            ||    17

Table legend:
 A = Non-vault XP
 B = Vault XP
 C = Vault XP percentage of total XP
 D = Non-vault monster count
 E = Vault monster count
 F = Vault count percentage of total count
                 A         B        C        D         E       F
            +---------+---------+-------+---------+---------+-------
      Total |      63 |       0 |   0.0 |      30 |       0 |   0.0
            +---------+---------+-------+---------+---------+-------
        D:1 |      50 |       0 |   0.0 |      25 |       0 |   0.0
        D:2 |      13 |       0 |   0.0 |       5 |       0 |   0.0
            +---------+---------+-------+---------+---------+-------
